AoeStats
← 93老玩家回归

Arena

510077353Analyzed
4v4 RM · 3d ago on Sep 29, 2026· 46m 7s· 8 players
Game mode
Random Map
Map size
Large (8 player)
Population
200
Speed
Normal
Resources
Standard
Victory
Conquest
Starting age
Dark Age
Ending age
Imperial Age
RankedLock teamsTeams togetherTeam positionsShared explorationLock speedFull tech treeHidden civsTurbo modeCheats
Victory
Defeat
🇨🇳 Hindustanis · China
1362
+12
🇸🇪 Saxons · Sweden
1265
+16
🇨🇳 Danes · China
1230
+18
🇨🇳 Bohemians · China
1212
+19
🇹🇷 Mongols · Türkiye
1363
-20
🇭🇺 Mapuche · Hungary
1345
-19
🇨🇴 Teutons · Colombia
1212
-14
🇳🇱 Bohemians · Netherlands
1180
-12
小花花
11:53 Feudal Age
13:29 Loom
15:55 Castle Age
15:00 Loom
15:17 Double-Bit Axe
15:14 Horse Collar
17:59 Bow Saw
27:05 Wheelbarrow
31:59 Imperial Age
30:57 Hand Cart
31:55 Chemistry
31:16 Ballistics
31:07 Fortified Wall
31:13 Heavy Plow
31:25 Forging
31:16 Scale Mail Armor
31:56 Wagenburg Tactics
32:14 Masonry
32:37 Squires
32:23 Arson
31:59 Pikeman
33:18 Iron Casting
32:08 Elite Skirmisher
33:41 Conscription
34:35 Two-Man Saw
33:15 Halberdier
35:22 Blast Furnace
34:38 Chain Mail Armor
34:15 Fletching
36:04 Padded Archer Armor
36:09 Houfnice
38:15 Plate Mail Armor
37:41 Bodkin Arrow
39:30 Leather Archer Armor
44:15 Bracer
44:46 Ring Archer Armor
Gustavus Adolphus
11:01 Feudal Age
14:59 Castle Age
13:08 Double-Bit Axe
14:19 Horse Collar
16:41 Bow Saw
16:39 Heavy Plow
17:38 Loom
22:01 Fletching
22:06 Gold Mining
22:08 Stone Mining
22:59 Wheelbarrow
23:14 Town Watch
25:25 Hand Cart
28:26 Imperial Age
26:03 Guard Tower
26:20 Scale Mail Armor
27:50 Chain Mail Armor
27:00 Man-at-Arms
27:26 Gambesons
27:42 Squires
28:05 Bodkin Arrow
28:36 Ballistics
29:31 Forging
29:16 Arson
29:03 Shield Wall
30:04 Conscription
29:41 Pikeman
30:35 Clerical Recruitment
31:47 Arrowslits
32:51 Plate Mail Armor
32:24 Bracer
32:16 Halberdier
34:22 Chemistry
34:31 Masonry
36:53 Iron Casting
37:28 Long Swordsman
39:28 Keep
39:59 Gold Shaft Mining
38:54 Two-Handed Swordsman
40:58 Architecture
40:18 Elite Hearth Troop
42:11 Champion
43:16 Padded Archer Armor
45:04 Leather Archer Armor
只爆叉叉
11:09 Feudal Age
12:09 Double-Bit Axe
14:54 Castle Age
12:38 Horse Collar
16:01 Bow Saw
15:55 Heavy Plow
20:30 Wheelbarrow
20:58 Stone Mining
22:22 Loom
22:53 Hand Cart
23:06 Gold Mining
23:55 Scale Mail Armor
24:05 Forging
24:48 Gold Shaft Mining
25:34 Squires
25:23 Arson
26:18 Gambesons
30:03 Imperial Age
29:19 Pikeman
30:34 Chain Mail Armor
30:54 Iron Casting
31:31 Conscription
30:33 Hamask
30:35 Elite Varangian Guard
32:21 Capped Ram
35:00 Plate Mail Armor
35:31 Blast Furnace
34:52 Halberdier
40:12 Chemistry
39:18 Siege Ram
40:43 Ballistics
42:03 Heavy Scorpion
44:29 Siege Engineers
93老玩家回归
9:13 Feudal Age
14:34 Castle Age
13:10 Double-Bit Axe
13:35 Horse Collar
16:42 Wheelbarrow
18:06 Heavy Plow
20:38 Bow Saw
26:21 Gold Mining
26:27 Stone Mining
26:58 Hand Cart
30:07 Imperial Age
29:16 Scale Barding Armor
29:22 Forging
29:04 Fletching
29:41 Husbandry
29:51 Bloodlines
30:31 Gold Shaft Mining
30:31 Stone Shaft Mining
30:43 Loom
30:45 Town Watch
31:25 Chain Barding Armor
31:40 Iron Casting
30:28 Heavy Camel Rider
31:46 Caravan
34:35 Chemistry
33:41 Siege Engineers
33:20 Imperial Camel Rider
35:44 Plate Barding Armor
36:09 Blast Furnace
36:26 Grand Trunk Road
36:46 Conscription
37:30 Bodkin Arrow
37:35 Padded Archer Armor
38:26 Light Cavalry
39:12 Hussar
46:09 Shatagni
46:12 Bracer
46:27 Leather Archer Armor
oscaramba
11:00 Feudal Age
14:44 Castle Age
13:14 Double-Bit Axe
13:12 Horse Collar
21:20 Wheelbarrow
22:01 Heavy Plow
26:27 Imperial Age
24:03 Gold Mining
25:07 Hand Cart
25:17 Bow Saw
25:01 Stone Mining
25:24 Loom
26:13 Scale Barding Armor
26:18 Forging
26:21 Bloodlines
26:31 Cavalier
27:35 Chain Barding Armor
27:49 Crop Rotation
28:10 Paladin
29:59 Plate Barding Armor
30:51 Town Watch
31:45 Iron Casting
34:08 Blast Furnace
33:09 Capped Ram
37:17 Fletching
38:20 Conscription
38:21 Crenellations
39:49 Ironclad
40:08 Hoardings
40:02 Siege Engineers
40:10 Masonry
40:21 Ballistics
41:02 Chemistry
42:30 Pikeman
42:32 Man-at-Arms
43:13 Squires
42:58 Gambesons
42:58 Arson
43:16 Scale Mail Armor
43:21 Halberdier
44:20 Chain Mail Armor
43:29 Long Swordsman
44:55 Onager
Hellsentry
11:31 Feudal Age
13:07 Double-Bit Axe
15:46 Castle Age
15:31 Loom
15:37 Horse Collar
15:48 Stone Mining
16:43 Heavy Plow
22:39 Bow Saw
26:32 Wheelbarrow
29:49 Imperial Age
27:51 Fletching
28:13 Bloodlines
29:08 Masonry
29:03 Bodkin Arrow
29:43 Husbandry
29:44 Padded Archer Armor
30:07 Ballistics
29:45 Gold Mining
30:09 Nomads
31:25 Gold Shaft Mining
31:13 Thumb Ring
32:03 Conscription
33:25 Chemistry
33:57 Elite Mangudai
36:00 Bracer
36:37 Leather Archer Armor
36:49 Parthian Tactics
37:05 Hand Cart
38:23 Capped Ram
39:57 Siege Ram
42:17 Drill
42:01 Light Cavalry
43:19 Scale Barding Armor
43:24 Forging
45:23 Hoardings
AoM92
10:55 Feudal Age
14:54 Castle Age
13:22 Double-Bit Axe
13:21 Horse Collar
14:53 Loom
16:36 Bow Saw
16:51 Heavy Plow
23:40 Wheelbarrow
25:10 Gold Mining
25:15 Stone Mining
29:27 Imperial Age
27:36 Hand Cart
28:17 Gold Shaft Mining
28:19 Forging
30:00 Iron Casting
29:19 Pikeman
30:01 Scale Mail Armor
30:14 Elite Kona
31:35 Champi Runner
33:41 Blast Furnace
32:57 Chain Mail Armor
33:10 Conscription
32:48 Elite Bolas Rider
34:11 Ballistics
34:51 Chemistry
33:43 Fletching
33:54 Padded Archer Armor
33:52 Halberdier
34:42 Town Watch
36:03 Plate Mail Armor
35:07 Capped Ram
36:29 Bodkin Arrow
36:59 Murder Holes
38:04 Chemistry
38:51 Leather Archer Armor
41:59 Caravan
43:00 Malon
42:48 Champi Warrior
BlandToaster625
10:24 Feudal Age
14:07 Castle Age
13:23 Double-Bit Axe
13:20 Horse Collar
15:52 Bow Saw
26:48 Imperial Age
26:05 Chemistry
25:56 Heavy Plow
27:56 Padded Archer Armor
28:53 Fortified Wall
30:20 Leather Archer Armor
46:19 Ring Archer Armor
Connection lost

Rejoining the realm…

Still unreachable

The connection could not be restored.

Session expired

The server has moved on; the page needs a fresh start.